 Dungeon Crawl Stone Soup version 0.22.1-1-ga44c0e5 (webtiles) character file.

1559 lavenderglitter the Destroyer (level 8, -2/41 HPs)
             Began as a Deep Elf Conjurer on Oct 7, 2018.
             Killed from afar by a deep elf mage (9 damage)
             ... with a magic dart
             ... on level 6 of the Dungeon.
             The game lasted 00:44:27 (8779 turns).

lavenderglitter the Destroyer (Deep Elf Conjurer)   Turns: 8779, Time: 00:44:28

Health: -2/41      AC:  3    Str:  7    XL:     8   Next: 58%
Magic:  5/22       EV: 13    Int: 21    God:
Gold:   256        SH:  0    Dex: 15    Spells: 5/23 levels left

rFire    . . .     SeeInvis .   h - +1 short sword
rCold    . . .     Gourm    .   (no shield)
rNeg     . . .     Faith    .   a - +0 robe
rPois    .         Spirit   .   (no helmet)
rElec    .         Reflect  .   s - +0 cloak
rCorr    .         Harm     .   (no gloves)
MR       .....                  (no boots)
Stlth    ++........             (no amulet)
HPRegen  0.13/turn              (no ring)
MPRegen  0.18/turn              (no ring)

@: very slightly contaminated
A: no striking features
a: no special abilities


You were on level 6 of the Dungeon.
You were hungry.

You visited 2 branches of the dungeon, and saw 7 of its levels.

You collected 256 gold pieces.

Inventory:

Hand Weapons
 f - the cursed +1 dagger "Gatozo" {pain, rElec Int+5 Dex+2, unknown}
   (You found it on level 4 of the Dungeon)

   In the hands of one skilled in necromantic magic, it inflicts extra damage on
   living creatures.
   It affects your intelligence (+5).
   It affects your dexterity (+2).
   It insulates you from electricity.
   It has a curse placed upon it.
 h - a +1 short sword (weapon)
Missiles
 d - 144 stones (quivered)
Armour
 a - a +0 robe (worn)
 s - a +0 cloak (worn)
 t - a +1 leather armour of magic resistance
Jewellery
 i - a +2 ring of dexterity {unknown}
Scrolls
 e - a scroll of noise
 k - a scroll of identify
 l - a scroll of immolation
 p - a scroll of teleportation {unknown}
 r - 2 scrolls of remove curse {unknown}
 u - a scroll of random uselessness {unknown}
Potions
 b - a potion of curing
 g - 3 potions of heal wounds
 j - 2 potions of degeneration {unknown}
 m - 2 potions of resistance
 n - a potion of cancellation {unknown}
 o - 2 potions of invisibility {unknown}
Comestibles
 c - 6 rations


   Skills:
 - Level 2.4 Dodging
 - Level 2.4 Stealth
 + Level 8.4 Spellcasting
 + Level 9.2 Conjurations
 - Level 5.0 Hexes
 - Level 3.2 Translocations


You had 5 spell levels left.
You knew the following spells:

 Your Spells              Type           Power        Failure   Level  Hunger
a - Magic Dart            Conj           ####         1%          1    None
b - Searing Ray           Conj           #####.       1%          2    None
c - Dazzling Spray        Conj/Hex       #####.       1%          3    None
d - Iskenderun's Mystic   Conj           #####...     1%          4    ###....
e - Fulminant Prism       Conj/Hex       #####.....   4%          4    ###....
f - Force Lance           Conj/Tloc      #####...     6%          4    ###....

Your spell library contained the following spells:

 Spells                   Type           Power        Failure   Level  Hunger
 Animate Skeleton         Necr           N/A          8%          1    None
 Pain                     Necr           #...         8%          1    None
 Regeneration             Chrm/Necr      #.........   22%         3    None
 Vampiric Draining        Necr           #.........   22%         3    None
 Animate Dead             Necr           N/A          58%         4    ###....


Dungeon Overview and Level Annotations

Branches:
Dungeon (6/15)             Temple (1/1) D:6

Altars:
Cheibriados
Dithmenos
Elyvilon
Fedhas
Gozag
Hepliaklqana
Makhleb
Nemelex Xobeh
Okawaru
Qazlal
Ru
Trog
Uskayaw
Vehumet
Wu Jian
Zin
The Shining One

Shops:
D:4 *


Message History

The lance of force hits the deep elf mage.
The deep elf mage is severely wounded.
The deep elf mage is knocked back by the lance of force.
Casting: Force Lance (safe; 6% risk of failure)
Confirm with . or Enter, or press ? or * to list all spells.
You don't have enough magic to cast that spell.
Unknown command.
You aren't carrying any items that you can evoke.
The deep elf mage points at you and mumbles some strange words.
The orb of energy hits you!
Ouch! That really hurt!
The orb of energy explodes!
The deep elf mage casts a spell at you. The lance of force hits you!
* * * LOW HITPOINT WARNING * * *
You are knocked back by the lance of force.
You are feeling hungry.
The deep elf mage points at you and mumbles some strange words.
The magic dart hits you!
You die...

..##........#.#...........,,,,,,,
..##.#......#.#.##.#.#.#*,,*#**,,
......e....#.#.#.#.#.#.#*,,.#**,,
..8...8..#.e#.#.#......###..*,,,,
..#...#..#...#.#..........,,*,*,,
..#...#..#..#.#.#...##..#,*,*,*,,
..#...#..#.#.#.#....##..#.#.#.*,,
..#..e#..#..#.#.#.............#,,
.(#...#..#.#.#.#@<..#..........,,
..#'''#..#..#.#.#...........#.#,,
..+8.?+..#.#.#.#.#........>.#,*,,
..+...+..#..#.#.#.........#.#,*,,
..+8.⌠+..#.#.#.#..............,,,
##########..#.#.##......#...#.*,*
...........#.#.#.#..........#,*,*
#.#.#...#.#.#.#.#.........,,,,,,*
.#.#.#.#.#.#.#.#..........,,,,,,,


You could see a deep elf mage.

Vanquished Creatures
  Sigmund (D:5)
  2 ice beasts (D:6)
  An orc warrior (D:6)
  A phantom (D:5)
  An ogre (D:4)
  A bullfrog (D:6)
  A water moccasin skeleton (D:4)
  4 crimson imps
  A bullfrog zombie (D:5)
  3 jellies (D:5)
  A quasit (D:6)
  A hound (D:6)
  3 orc priests
  5 orc wizards
  4 worker ants
  5 adders
  2 shadow imps
  An ooze (D:2)
  An adder skeleton (D:5)
  4 worms
  5 dart slugs
  8 leopard geckos
  14 orcs
  11 bats
  A giant cockroach (D:2)
  10 goblins
  6 hobgoblins
  3 jackals (D:1)
  A ball python (D:4)
  A ball python skeleton (D:4)
  6 frilled lizards
  12 kobolds
  2 leopard gecko skeletons
  A quokka zombie (D:5)
  6 rats
130 creatures vanquished.

Notes
Turn   | Place    | Note
-------+----------+-------------------------------------------
     0 | D:1      | lavenderglitter the Deep Elf Conjurer began the quest for
                  | the Orb.
     0 | D:1      | Reached XP level 1. HP: 10/10 MP: 6/6
   419 | D:1      | Reached XP level 2. HP: 15/15 MP: 4/8
   501 | D:1      | Reached skill level 5 in Conjurations
   557 | D:1      | Learned a level 2 spell: Searing Ray
   876 | D:1      | Reached XP level 3. HP: 19/19 MP: 6/9
   881 | D:1      | Learned a level 3 spell: Dazzling Spray
  1205 | D:1      | Reached skill level 1 in Hexes
  2221 | D:2      | Reached XP level 4. HP: 24/24 MP: 8/10
  2561 | D:2      | Reached skill level 6 in Conjurations
  2654 | D:2      | Reached XP level 5. HP: 26/28 MP: 2/11
  2662 | D:2      | Learned a level 4 spell: Iskenderun's Mystic Blast
  3325 | D:3      | Found a hazy altar of Hepliaklqana.
  4186 | D:4      | Noticed an ogre
  4193 | D:4      | Killed an ogre
  4193 | D:4      | Reached XP level 6. HP: 32/32 MP: 4/13
  4406 | D:4      | Got a warped dagger
  4569 | D:4      | Found Taginot's Assorted Antiques.
  4846 | D:4      | Found an ornate altar of the Wu Jian Council.
  5126 | D:4      | Reached skill level 7 in Conjurations
  5537 | D:5      | Entered Level 5 of the Dungeon
  5545 | D:5      | Reached skill level 5 in Hexes
  5669 | D:5      | Learned a level 4 spell: Fulminant Prism
  5857 | D:5      | Reached skill level 5 in Spellcasting
  5857 | D:5      | Reached XP level 7. HP: 36/36 MP: 10/16
  6669 | D:5      | Found a bloodstained altar of Trog.
  6706 | D:5      | Noticed Sigmund
  6720 | D:5      | Killed Sigmund
  6720 | D:5      | Reached skill level 8 in Conjurations
  7160 | D:5      | Reached XP level 8. HP: 41/41 MP: 16/20
  7290 | D:6      | Learned a level 4 spell: Force Lance
  7306 | D:6      | Found a staircase to the Ecumenical Temple.
  7319 | Temple   | Entered the Ecumenical Temple
  7645 | D:6      | Reached skill level 1 in Translocations
  7733 | D:6      | Found a glowing silver altar of Zin.
  7752 | D:6      | Reached skill level 9 in Conjurations
  8758 | D:6      | Noticed a deep elf mage
  8779 | D:6      | Killed from afar by a deep elf mage

Skill      XL: |  1  2  3  4  5  6  7  8 |
---------------+-------------------------+-----
Conjurations   | 5 6 7 8 9 |  9.2
Hexes          | 2 3 4 5 |  5.0
Spellcasting   | 5 7 8 |  8.4
Translocations | 3 |  3.2
Dodging        | |  2.4
Stealth        | |  2.4

Action                   |  1- 3 |  4- 6 |  7- 9 || total
-------------------------+-------+-------+-------++-------
Melee: Short sword       |     3 |     2 |       ||     5
Throw: Stone             |     1 |       |     2 ||     3
 Cast: Magic Dart        |    86 |    87 |    57 ||   230
       Searing Ray       |     3 |    18 |    34 ||    55
       Dazzling Spray    |       |       |     1 ||     1
       Force Lance       |       |       |     8 ||     8
  Use: Scroll            |       |     5 |     6 ||    11
 Stab: Sleeping          |       |     1 |       ||     1
  Eat: Chunk             |     4 |     7 |     3 ||    14
       Ration            |       |     1 |     2 ||     3
Armor: Robe              |     4 |       |     1 ||     5
Dodge: Dodged            |    17 |    21 |    22 ||    60
